 Dungeon Crawl Stone Soup version 0.23.2-1-ga50397a (webtiles) character file.

Game seed: 16589451664346004896

154 schauveau the Archer (level 5, -1/41 HPs)
             Began as a Centaur Hunter on May 6, 2019.
             Slain by an ogre
             ... wielding a +0 giant club
              (28 damage)
             ... on level 4 of the Dungeon.
             The game lasted 00:03:17 (1268 turns).

schauveau the Archer (Centaur Hunter)               Turns: 1268, Time: 00:03:18

Health: -1/41      AC:  7    Str: 15    XL:     5   Next: 13%
Magic:  5/5        EV:  9    Int: 10    God:
Gold:   35         SH:  0    Dex: 10    Spells: 2/4 levels left

rFire    . . .     SeeInvis .   a - +1 shortbow
rCold    + . .     Gourm    .   (shield currently unavailable)
rNeg     . . .     Faith    .   w - +3 leather armour {rC+}
rPois    .         Spirit   .   (no helmet)
rElec    .         Reflect  .   (no cloak)
rCorr    +         Harm     .   (no gloves)
MR       .....                  (no barding)
Stlth    +.........             (no amulet)
HPRegen  0.13/turn              g - ring of resist corrosion
MPRegen  0.09/turn              (no ring)

@: very quick
A: large, hooves 3, deformed body, speed 2, tough skin 3
a: no special abilities


You were on level 4 of the Dungeon.
You were hungry.

You visited 1 branch of the dungeon, and saw 4 of its levels.

You collected 35 gold pieces.

Inventory:

Hand Weapons
 a - a +1 shortbow (weapon)
 b - a +0 short sword
 v - a +2 dagger of pain
Missiles
 u - 29 arrows (quivered)
Armour
 w - a +3 leather armour of cold resistance (worn)
Jewellery
 g - a ring of resist corrosion (left hand)
Wands
 d - a wand of iceblast (9)
 l - a wand of disintegration (18)
Scrolls
 h - a scroll of enchant armour {unknown}
 i - a scroll of remove curse {unknown}
 p - 3 scrolls of identify {unknown}
 r - a scroll of enchant weapon {unknown}
 s - a scroll of random uselessness {unknown}
 t - a scroll of blinking {unknown}
Potions
 e - a potion of flight {unknown}
 j - a potion of cancellation {unknown}
 k - 2 potions of heal wounds {unknown}
 m - a potion of berserk rage {unknown}
 n - a potion of magic {unknown}
 o - 2 potions of haste {unknown}
Comestibles
 f - 3 rations


   Skills:
 - Level 2.0 Fighting
 * Level 8.5 Bows
 - Level 1.3 Dodging
 - Level 0.4 Stealth


You had 2 spell levels left.
You knew the following spells:

 Your Spells              Type           Power        Failure   Level  Hunger
a - Blink                 Tloc           N/A          56%         2    ###....

Your spell library contained the following spells:

 Spells                   Type           Power        Failure   Level  Hunger
 Magic Dart               Conj           #...         43%         1    ##.....
 Call Imp                 Summ           #.......     56%         2    ###....
 Slow                     Hex            #.......     56%         2    ###....
 Conjure Flame            Conj/Fire      #.......     80%         3    ####...
 Mephitic Cloud           Conj/Pois/Air  #.......     80%         3    ####...


Dungeon Overview and Level Annotations

Branches:
Dungeon (4/15)
 Temple: D:4-7

Altars:
Ru


Innate Abilities, Weirdness & Mutations

You have hooves in place of feet.
Armour fits poorly on your strangely shaped body.
You cover ground very quickly.
You have extremely tough skin. (AC +3)


Message History

The ogre hits you with a +0 giant club!
Firing (i - inventory)
u - 32 arrows (quivered)
Press: ? - help, Shift-Dir - straight line, f/p - ogre
Aim: an ogre, wielding a +0 giant club (moderately wounded)
You shoot an arrow. The arrow hits the ogre.
The ogre is moderately wounded.
Firing (i - inventory)
u - 31 arrows (quivered)
Press: ? - help, Shift-Dir - straight line, f/p - ogre
Aim: an ogre, wielding a +0 giant club (moderately wounded)
You shoot an arrow. The arrow hits the ogre!
The ogre is severely wounded.
The ogre barely misses you.
Firing (i - inventory)
u - 30 arrows (quivered)
Press: ? - help, Shift-Dir - straight line, f/p - ogre
Aim: an ogre, wielding a +0 giant club (severely wounded)
You shoot an arrow. The arrow hits the ogre.
The ogre is almost dead.
The ogre hits you with a +0 giant club!!
Ouch! That really hurt!
You die...

.# #. .#.# #.#
.#.#.# #.#
.#.#.#.# #.#
.#.#.#.#(# #.#
.#.#.#.#.#(# #.#
.#.#.#.#.#.#O#.#
#.#.#.#.#.#.#@#.
#.#.#.#.#.#.#.#
#.#.#.#.#.#.#.#
#.#.#.#.#.#.#.#
#.#.#.#.#.#.#.#
#.#.#.#.#.#.#.#
#.#.#.#.#.#.#.#
#..###.#.######
#########..##.#.#


You could see an ogre.

Vanquished Creatures
  A centaur skeleton (D:4)
  An orc priest (D:3)
  Ijyb (D:4)
  An adder (D:3)
  2 worms
  A dart slug (D:2)
  2 leopard geckos
  8 orcs
  2 bats
  2 giant cockroaches
  9 goblins
  2 hobgoblins (D:3)
  3 jackals (D:3)
  2 ball pythons (D:3)
  3 kobolds (D:3)
  3 rats
43 creatures vanquished.

Notes
Turn   | Place    | Note
-------+----------+-------------------------------------------
     0 | D:1      | schauveau the Centaur Hunter began the quest for the Orb.
     0 | D:1      | Reached XP level 1. HP: 17/17 MP: 1/1
    83 | D:2      | Reached XP level 2. HP: 15/24 MP: 2/2
   105 | D:2      | Reached skill level 6 in Bows
   126 | D:2      | Found a faded altar of an unknown god.
   276 | D:3      | Reached XP level 3. HP: 21/29 MP: 3/3
   286 | D:3      | Learned a level 2 spell: Blink
   704 | D:3      | Reached skill level 7 in Bows
   761 | D:3      | Reached XP level 4. HP: 12/36 MP: 4/4
   823 | D:3      | Found a sacrificial altar of Ru.
   865 | D:4      | Reached skill level 8 in Bows
  1007 | D:4      | Noticed Ijyb
  1046 | D:4      | Killed Ijyb
  1046 | D:4      | Reached XP level 5. HP: 13/41 MP: 5/5
  1261 | D:4      | Noticed an ogre
  1268 | D:4      | Slain by an ogre

Skill      XL: |  1  2  3  4 |
---------------+-------------+-----
Bows           | 6 7 8 |  8.5
Fighting       | |  2.0
Dodging        | |  1.3
Stealth        | |  0.4

Action                   |  1- 3 |  4- 6 || total
-------------------------+-------+-------++-------
Melee: Short sword       |    58 |    19 ||    77
       Kick              |    12 |     2 ||    14
 Fire: Shortbow          |    33 |    43 ||    76
Armor: Leather armour    |    29 |    16 ||    45
Dodge: Dodged            |    35 |    13 ||    48
